 Dungeon Crawl Stone Soup version 0.32-a0-909-gc671339a80 (webtiles) character file.

Game seed: 13019505771033170565

116 porpoise the Shooter (level 5, 0/41 HPs)
             Began as a Human Hunter on Apr 7, 2024.
             Was an Initiate of Hepliaklqana.
             Slain by an orc wizard
             ... wielding a +0 dagger
              (2 damage)
             ... on level 7 of the Dungeon.
             The game lasted 00:05:37 (2120 turns).

porpoise the Shooter (Human Hunter)                 Turns: 2120, Time: 00:05:38

Health: 0/41       AC:  5    Str: 12    XL:     5   Next: 0%
Magic:  5/5        EV: 11    Int:  9    God:    Hepliaklqana [......]
Gold:   107        SH:  0    Dex: 18    Spells: 4/4 levels left

rFire   . . .        a - +0 shortbow
rCold   . . .        (shield currently unavailable)
rNeg    . . .        c - +0 leather armour
rPois   .            x - +1 helmet
rElec   .            (no cloak)
rCorr   .            (no gloves)
SInv    .            (no boots)
Will    +....        (no amulet)
Stlth   ++           p - ring of willpower
HPRegen 0.26/turn    (no ring)
MPRegen 0.09/turn

%: no passive effects
@: no status effects
A: explore regen
a: Renounce Religion


You were on level 7 of the Dungeon.
You worshipped Hepliaklqana.
Hepliaklqana was noncommittal.
You visited 1 branch of the dungeon, and saw 5 of its levels.

You collected 107 gold pieces.

Inventory:

Hand Weapons
 a - a +0 shortbow (weapon)
 b - a +4 trident of venom
 g - a +0 dagger of draining
 u - a +4 short sword
Missiles
 i - 11 poisoned darts
 w - 6 silver javelins
Armour
 c - a +0 leather armour (worn)
 x - a +1 helmet (worn)
Jewellery
 d - an amulet of faith
 p - a ring of willpower (left hand)
Scrolls
 e - a scroll of poison {unknown}
 f - a scroll of butterflies
 j - 3 scrolls of identify {unknown}
 k - a scroll of vulnerability {unknown}
 m - a scroll of teleportation {unknown}
 n - a scroll of brand weapon {unknown}
 s - a scroll of immolation {unknown}
 v - a scroll of fog {unknown}
 y - a scroll of blinking {unknown}
Potions
 h - 2 potions of brilliance {unknown}
 l - a potion of enlightenment {unknown}
 o - 2 potions of might {unknown}
 q - a potion of resistance {unknown}
 r - a potion of invisibility {unknown}
 t - a potion of attraction {unknown}


   Skills:
 + Level 3.0 Fighting
 * Level 5.2 Ranged Weapons
 - Level 2.0 Dodging
 + Level 2.4 Stealth


You had 4 spell levels left.
You didn't know any spells.
Your spell library contained the following spells:

 Spells                   Type           Power      Damage    Failure   Level
 Sandblast                Erth           0%         2d4       45%         1
 Stone Arrow              Conj/Erth      0%         3d7       83%         3
 Brom's Barrelling Bould  Conj/Erth      0%         2d3       99%         4


Dungeon Overview and Level Annotations

Branches:
Dungeon (4/15)
 Temple: D:4-7

Altars:
Hepliaklqana


Innate Abilities, Weirdness & Mutations

You regain HP and MP as you explore.


Message History

The arrow hits the orc priest but does no damage.
The orc hits you with a +0 flail. The orc barely misses you.
The orc priest hits you but does no damage.
Something hits you.
You shoot an arrow. The arrow barely misses the orc priest.
You hear a shout!
The orc hits you with a +0 flail. The orc closely misses you.
The orc priest hits you with a +0 dagger.
Something hits you but does no damage.
You hear a shout!
You shoot an arrow.
The arrow hits the orc priest but does no damage.
The orc hits you with a +0 flail.
* * * LOW HITPOINT WARNING * * *
The orc hits you with a +0 club.
* * * LOW HITPOINT WARNING * * *
The orc priest looks satisfied for a moment.
Something barely misses you.
You shoot an arrow.
The arrow hits the orc priest but does no damage.
The orc barely misses you. The orc hits you but does no damage.
The orc priest completely misses you. Something hits you.
* * * LOW HITPOINT WARNING * * *
You shoot an arrow. The arrow barely misses the orc priest.
An orc comes into view. It is wielding a +0 flail.
The orc completely misses you. The orc closely misses you.
The orc priest barely misses you. Something hits you.
* * * LOW HITPOINT WARNING * * *
Something hits you but does no damage.
The orc priest looks encouraged for a moment.
The orc hits you but does no damage. The orc closely misses you.
An orc warrior comes into view. It is wielding a +0 dire flail.
You shoot an arrow. The arrow hits the orc priest!
The orc priest is heavily wounded.
The orc closely misses you. x2
The orc priest hits you with a +0 dagger.
* * * LOW HITPOINT WARNING * * *
Something hits you.
You die...
Hepliaklqana delivers you to your ancestors.

# # ... #o
############
....#o##...........
......oo...........
.###o{@.#########.
......o### ..##..#
#.. #. .. #> ##


You could see an orc warrior, an orc priest and 4 orcs.

Vanquished Creatures
  An orc wizard (D:3)
  A gnoll (D:3)
  2 adders
  2 dart slugs (D:2)
  4 orcs (D:3)
  5 ball pythons
  4 bats
  2 endoplasms
  3 giant cockroaches
  2 hobgoblins
  7 jackals
  4 kobolds
  3 quokkas
  3 frilled lizards
  4 goblins
  5 rats
52 creatures vanquished.

Notes
Turn   | Place    | Note
-------+----------+-------------------------------------------
     0 | D:1      | porpoise the Human Hunter began the quest for the Orb.
     0 | D:1      | Reached XP level 1. HP: 16/16 MP: 1/1
    87 | D:1      | Reached XP level 2. HP: 19/22 MP: 2/2
   734 | D:2      | Reached XP level 3. HP: 28/28 MP: 3/3
  1282 | D:3      | Found a hazy altar of Hepliaklqana.
  1326 | D:3      | Became a worshipper of Hepliaklqana the Forgotten
  1397 | D:3      | Reached XP level 4. HP: 34/34 MP: 4/4
  1406 | D:3      | Reached skill level 5 in Ranged Weapons
  2061 | D:4      | Reached XP level 5. HP: 41/41 MP: 5/5
  2100 | D:4      | You fall into a shaft and drop 3 floors!
  2119 | D:7      | Noticed an orc warrior
  2120 | D:7      | HP: 2/41 [orc priest/+0 dagger (2)]
  2120 | D:7      | Slain by an orc wizard

Illustrated notes

Levels and vault maps discovered:
D:1:      dpeg_arrival_radiant, layout_loops_ring
D:2:      cheibrodos_old_hovel, layout_rooms
D:3:      layout_basic, mainiacjoe_overflow_brackets
D:4:      layout_gridville, okawaru_trees_1, makhleb_altar_promises_db,
          serial_glass, glass_columns_b, glass_columns_b, uniq_pikel
D:7:      layout_basic

Skill      XL: |  1  2  3  4 |
---------------+-------------+-----
Stealth        | 2 |  2.4
Ranged Weapons | 5 |  5.2
Fighting       | 3 |  3.0
Dodging        | |  2.0

Action                     |  1- 3 |  4- 6 || total
---------------------------+-------+-------++-------
  Melee: Trident           |       |     5 ||     5
   Fire: Shortbow          |    99 |    53 ||   152
 Armour: Leather armour    |    17 |    37 ||    54
  Dodge: Dodged            |    36 |    31 ||    67

Table legend: (Time is in decaauts)
 A = Elapsed time spent in this place.
 B = Non-inter-level travel time spent in this place.
 C = Inter-level travel time spent in this place.
 D = Time resting spent in this place.
 E = Time spent auto-exploring this place.
 F = Levels seen in this place.
 G = Mean time per level.
                   A        B        C        D        E       F      G
               +--------+--------+--------+--------+--------+-----+--------+
         Total |   2152 |   2041 |    111 |    251 |   1428 |   5 |  430.4 |
       Dungeon |   2152 |   2041 |    111 |    251 |   1428 |   5 |  430.4 |
               +--------+--------+--------+--------+--------+-----+--------+

Top non-repeatable levels by time:
     D:3: 833 daAuts
     D:1: 618 daAuts
     D:2: 585 daAuts
     D:4: 92 daAuts
     D:7: 22 daAuts
